 Dungeon Crawl Stone Soup version 0.21-a0-509-gecc5317 (webtiles) character file.

241 DarkHelmet the Spear-Bearer (level 6, -1/70 HPs)
             Began as a Merfolk Abyssal Knight on Nov 29, 2017.
             Was a Priest of Lugonu.
             Slain by a sky beast (5 damage)
             ... on level 4 of the Dungeon.
             The game lasted 00:07:22 (3746 turns).

DarkHelmet the Spear-Bearer (MfAK)                  Turns: 3746, Time: 00:07:23

Health: -1/70      AC:  6    Str: 19    XL:     6   Next: 8%
Magic:  7/8        EV: 11    Int: 11    God:    Lugonu [***...]
Gold:   123        SH:  0    Dex: 14    Spells: 5/5 levels left

rFire    . . .     SeeInvis .   s - +0 trident
rCold    . . .     Gourm    .   (no shield)
rNeg     . . .     Faith    .   t - +0 scale mail
rPois    .         Spirit   .   (no helmet)
rElec    .         Reflect  .   (no cloak)
rCorr    .         Harm     .   (no gloves)
MR       .....                  (no boots)
Stlth    ..........             (no amulet)
HPRegen  0.21/turn              l - ring of stealth
MPRegen  0.11/turn              (no ring)

@: berserking, very quick
A: change form in water, swift swim, stealthy swim
a: Depart the Abyss, Bend Space, Banish, Renounce Religion


You were on level 4 of the Dungeon.
You worshipped Lugonu.
Lugonu was most pleased with you.
You were very hungry.

You visited 1 branch of the dungeon, and saw 4 of its levels.
You visited the Abyss 1 time.

You collected 123 gold pieces.

Inventory:

Hand Weapons
 s - a +0 trident (weapon)
Armour
 t - a +0 scale mail (worn)
Jewellery
 l - a ring of stealth (left hand)
Scrolls
 g - 3 scrolls of fear
 h - 3 scrolls of teleportation
 j - a scroll of amnesia
 m - a scroll of remove curse
Potions
 a - a potion of brilliance {unknown}
 d - 2 potions of haste
 i - a potion of resistance
 k - a potion of cancellation
 r - a potion of invisibility {unknown}
Comestibles
 c - 3 bread rations
 f - 2 meat rations
 o - 4 royal jellies


   Skills:
 - Level 3.2 Fighting
 * Level 8.0 Polearms
 - Level 0.6 Armour
 - Level 2.6 Dodging
 + Level 3.5 Invocations


You had 5 spell levels left.
You didn't know any spells.

Dungeon Overview and Level Annotations

Branches:
Dungeon (4/15)
 Temple: D:4-7

Altars:
Makhleb


Message History

You miss something. Something hits you. Something shocks you.
You miss something. Something hits you but does no damage.
You puncture something! Something hits you. Something shocks you.
You hit something but do no damage. Something hits you but does no damage.
Your scale mail prevents you from hitting something.
Something hits you. Something shocks you.
* * * LOW HITPOINT WARNING * * *
Your scale mail prevents you from hitting something.
Something hits you but does no damage.
You miss something. Something hits you but does no damage.
You closely miss something. Something hits you but does no damage.
Space bends around you!
You blink.
Something hits you.
* * * LOW HITPOINT WARNING * * *
Something shocks you.
* * * LOW HITPOINT WARNING * * *
A red film seems to cover your vision as you go berserk!
You feel yourself moving faster!
You feel mighty! Something hits you.
* * * LOW HITPOINT WARNING * * *
Something shocks you.
You die...

#. ##.. ## .....
.# .....#######.#
#......#....####
#$.@#...#...##
##.{#.#......##
###ยง.#.).....#
#..........#
######.......#
##..###......##
####.......#...##
#.....<######.##
#......# .#


There were no monsters in sight!

Vanquished Creatures
  An ice beast (D:3)
  Terence (D:2)
  An adder (D:2)
  2 oozes
  2 worms
  5 dart slugs
  A leopard gecko (D:1)
  An orc (D:3)
  4 giant cockroaches
  8 goblins
  9 hobgoblins
  8 jackals
  2 quokkas
  4 ball pythons
  12 bats
  8 frilled lizards
  15 kobolds
  7 rats
91 creatures vanquished.

Notes
Turn   | Place    | Note
-------+----------+-------------------------------------------
     0 | Abyss:1  | DarkHelmet the Merfolk Abyssal Knight began the quest for the Orb.
     0 | Abyss:1  | Reached XP level 1. HP: 18/18 MP: 2/2
    11 | Abyss:2  | Noticed a bone dragon
    26 | Abyss:3  | Noticed a freezing wraith
    51 | Abyss:3  | Noticed a small abomination
   124 | Abyss:3  | Noticed a neqoxec
   137 | Abyss:3  | Noticed an Executioner
   137 | D:1      | Escaped the Abyss
   285 | D:1      | Reached skill level 4 in Polearms
   285 | D:1      | Reached XP level 2. HP: 12/24 MP: 3/3
   463 | D:1      | Reached * piety under Lugonu
   737 | D:1      | Reached skill level 5 in Polearms
   737 | D:1      | Reached XP level 3. HP: 27/29 MP: 4/4
  1311 | D:1      | Reached ** piety under Lugonu
  1804 | D:2      | Reached skill level 6 in Polearms
  1804 | D:2      | Reached XP level 4. HP: 26/35 MP: 5/5
  2367 | D:2      | Noticed Terence
  2387 | D:2      | Killed Terence
  2594 | D:2      | Reached XP level 5. HP: 41/41 MP: 7/7
  2799 | D:3      | Reached *** piety under Lugonu
  2810 | D:3      | Reached skill level 7 in Polearms
  3002 | D:3      | Noticed an ice beast
  3040 | D:3      | Killed an ice beast
  3040 | D:3      | Reached XP level 6. HP: 12/47 MP: 6/8
  3386 | D:3      | Found a burning altar of Makhleb.
  3386 | D:3      | Noticed an Executioner
  3389 | D:3      | Noticed an orange demon
  3389 | D:3      | Noticed a ynoxinul
  3478 | D:3      | Reached skill level 8 in Polearms
  3723 | D:4      | Noticed a sky beast
  3746 | D:4      | Slain by a sky beast

Vault maps used:
D:1:      lightli_arrival_farm, kennysheep_pointless_box, st_stairs_9,
          minmay_vboxes
D:2:      first_bread, uniq_terence
D:3:      makhleb_altar_promises_db
D:4:      chequers_temple_overflow_minitemple
Abyss:1:  bh_abyss_exit_choice
Abyss:2:  minivault_13

Skill      XL: |  1  2  3  4  5  6 |
---------------+-------------------+-----
Polearms       | 4 5 6 7 8 |  8.0
Invocations    | 3 |  3.5
Fighting       | |  3.2
Armour         | |  0.6
Dodging        | |  2.6

Action                   |  1- 3 |  4- 6 || total
-------------------------+-------+-------++-------
Melee: Spear             |   158 |    80 ||   238
       Trident           |       |   120 ||   120
Invok: Depart the Abyss  |     1 |       ||     1
       Bend Space        |       |     2 ||     2
  Use: Potion            |     1 |     4 ||     5
       Scroll            |       |     9 ||     9
 Stab: Sleeping          |     2 |     1 ||     3
  Eat: Chunk             |     2 |     6 ||     8
Armor: Leather armour    |    32 |       ||    32
       Ring mail         |    19 |    14 ||    33
       Scale mail        |       |    36 ||    36
Dodge: Dodged            |    78 |    73 ||   151

Table legend:
 A = Spawn XP
 B = Non-spawn XP
 C = Spawn XP percentage of total XP
 D = Spawn monster count
 E = Non-spawn monster count
 F = Spawn count percentage of total count
 G = Total turns spent on level
                    A         B        C        D         E        F      G
               +---------+---------+-------+---------+---------+-------+---------
         Total |       0 |     345 |   0.0 |       0 |      91 |   0.0 |  3746
               +---------+---------+-------+---------+---------+-------+---------
           D:1 |       0 |      68 |   0.0 |       0 |      37 |   0.0 |  1538
           D:2 |       0 |     105 |   0.0 |       0 |      32 |   0.0 |  1048
           D:3 |       0 |     170 |   0.0 |       0 |      21 |   0.0 |   991
           D:4 |       0 |       2 |   0.0 |       0 |       1 |   0.0 |    32
               +---------+---------+-------+---------+---------+-------+---------
